 Dungeon Crawl Stone Soup version 0.31-a0-744-gbc345e7fcb (webtiles) character file.

Game seed: 6875977504255173767

3 mopl the Stinger (level 1, -1/13 HPs)
             Began as a Formicid Venom Mage on Sept 13, 2023.
             Slain by a dart slug (2 damage)
             ... on level 1 of the Dungeon.
             The game lasted 00:00:33 (210 turns).

mopl the Stinger (Formicid Venom Mage)               Turns: 210, Time: 00:00:34

Health: -1/13      AC:  2    Str: 12    XL:     1   Next: 55%
Magic:  1/3        EV: 10    Int: 14    God:
Gold:   49         SH:  7    Dex: 14    Spells: 3/4 levels left

rFire   . . .        (no weapon)
rCold   . . .        d - +0 kite shield
rNeg    . . .        a - +0 robe
rPois   .            (helmet unavailable)
rElec   .            (no cloak)
rCorr   .            (no gloves)
SInv    +            (no boots)
Will    .....        (no amulet)
Stlth   ++           (no ring)
HPRegen 0.22/turn    (no ring)
MPRegen 0.08/turn

%: no passive effects
@: no status effects
A: permanent stasis, dig shafts and tunnels, antennae 3, four strong arms
a: Dig, Shaft Self


You were on level 1 of the Dungeon.
You visited 1 branch of the dungeon, and saw 1 of its levels.

You collected 49 gold pieces.

Inventory:

Armour
 a - a +0 robe (worn)
 d - a +0 kite shield (worn)
Potions
 b - a potion of magic
 c - a potion of heal wounds {unknown}
 e - a potion of cancellation {unknown}
 f - a potion of invisibility {unknown}


   Skills:
 - Level 1.7 Dodging
 - Level 2.4 Stealth
 + Level 0.5 Shields
 + Level 2.3 Spellcasting
 - Level 1.1 Transmutations
 + Level 4.1 Poison Magic


You had 3 spell levels left.
You knew the following spells:

 Your Spells              Type           Power      Damage    Failure   Level
a - Sting                 Tmut/Pois      32%        1d4       34%         1

Your spell library contained the following spells:

 Spells                   Type           Power      Damage    Failure   Level
 Poisonous Vapours        Pois/Air       14%        N/A       54%         2
 Wereblood                Tmut           4%         N/A       67%         2
 Sublimation of Blood     Necr           1%         N/A       83%         2
 Mephitic Cloud           Conj/Pois/Air  5%         N/A       86%         3
 Olgreb's Toxic Radiance  Pois           13%        N/A       88%         4
 Summon Hydra             Summ           0%         N/A       100%        7


Dungeon Overview and Level Annotations

Branches:
Dungeon (1/15)

Altars:


Innate Abilities, Weirdness & Mutations

You cannot be hasted, slowed, berserked, paralysed or teleported.
You can dig through walls and to a lower floor.
You have a pair of large antennae on your head. (SInv)
Your four strong arms can wield two-handed weapons with a shield.


Message History

You hit the dart slug but do no damage. The dart slug bites you.
You are out of magic!
You hit the dart slug.
The dart slug is lightly wounded.
The dart slug bites you.
You hit the dart slug.
The dart slug is moderately wounded.
The dart slug bites you.
You are out of magic!
You hit the dart slug.
The dart slug is heavily wounded.
The dart slug bites you.
You are out of magic!
You hit the dart slug but do no damage.
The dart slug is heavily wounded.
You are out of magic!
You barely miss the dart slug.
The dart slug is heavily wounded.
The dart slug bites you.
You are too injured to fight recklessly!
You are too injured to fight recklessly!
You are too injured to fight recklessly!
You are too injured to fight recklessly!
You are too injured to fight recklessly!
You hit the dart slug but do no damage.
The dart slug is heavily wounded.
The dart slug bites you.
You hit the dart slug.
The dart slug is severely wounded.
The dart slug launches a dart at you. The slug dart hits you.
* * * LOW HITPOINT WARNING * * *
You hit the dart slug.
The dart slug is severely wounded.
The dart slug launches a dart at you. The slug dart misses you.
You hit the dart slug.
The dart slug is almost dead.
The dart slug bites you.
You die...

~~≈~P......###....#..###
.......##..#...†.......#
~≈~~P..##....###.#.###..#
~~≈≈~.....#..# #.#.#
....#
~~≈~~.....#..###.#.#
....#
~~~~P............#..
....#
......##..#..#######
....#
##.#####...#.....#..
....# ##....###@#.# ....#
#..##.# #w#.#
#.##..###.#.###... ..
#.............. .#
#..#..#..##.g.. {
..........# # ##.###..##
#. ##.# w #..


You could see a dart slug.

Vanquished Creatures
  A giant cockroach (D:1)
  2 frilled lizards (D:1)
  A rat (D:1)
4 creatures vanquished.

Notes
Turn   | Place    | Note
-------+----------+-------------------------------------------
     0 | D:1      | mopl the Formicid Venom Mage began the quest for the Orb.
     0 | D:1      | Reached XP level 1. HP: 13/13 MP: 3/3
   210 | D:1      | Slain by a dart slug

Illustrated notes

Levels and vault maps discovered:
D:1:      giann_bridges, layout_rooms, minmay_misc_feat_cross,
          serial_bayou_ford_a

Action                     || total
---------------------------++-------
  Melee: Unarmed           ||    30
   Cast: Sting             ||     5
 Armour: Robe              ||    22
  Dodge: Dodged            ||    11
  Block: Kite shield       ||     8

Table legend: (Time is in decaauts)
 A = Elapsed time spent in this place.
 B = Non-inter-level travel time spent in this place.
 C = Inter-level travel time spent in this place.
 D = Time resting spent in this place.
 E = Time spent auto-exploring this place.
 F = Levels seen in this place.
 G = Mean time per level.
                   A        B        C        D        E       F      G
               +--------+--------+--------+--------+--------+-----+--------+
         Total |    216 |    216 |      0 |      0 |    142 |   1 |  216.0 |
       Dungeon |    216 |    216 |      0 |      0 |    142 |   1 |  216.0 |
               +--------+--------+--------+--------+--------+-----+--------+

Top non-repeatable levels by time:
     D:1: 216 daAuts
